 Dungeon Crawl Stone Soup version 0.30-a0-852-g08b95dd62f (webtiles) character file.

Game seed: 17354326689253614739

267 themarg the Caller (level 6, -5/41 HPs)
             Began as a Merfolk Summoner on Mar 4, 2023.
             Killed by divine providence
             ... invoked by an orc priest
              (11 damage)
             ... on level 4 of the Dungeon.
             The game lasted 00:11:03 (4867 turns).

themarg the Caller (Merfolk Summoner)               Turns: 4867, Time: 00:11:04

Health: -5/41      AC:  4    Str:  9    XL:     6   Next: 21%
Magic:  2/9        EV: 12    Int: 16    God:
Gold:   135        SH:  0    Dex: 14    Spells: 3/9 levels left

rFire   . . .      SeeInvis .    k - +0 short sword
rCold   . . .      Faith    .    (no shield)
rNeg    . . .      Spirit   .    n - +1 robe {Will+}
rPois   .          Reflect  .    l - +0 helmet
rElec   .          Rampage  .    (no cloak)
rCorr   .                        (no gloves)
Will    +....                    (no boots)
Stlth   ++                       (no amulet)
HPRegen 0.26/turn                (no ring)
MPRegen 0.11/turn                (no ring)

@: no status effects
A: (nimble swimmer 2), mertail
a: no special abilities


You were on level 4 of the Dungeon.
You visited 1 branch of the dungeon, and saw 4 of its levels.

You collected 135 gold pieces.

Inventory:

Hand Weapons
 k - a +0 short sword (weapon)
Missiles
 c - 39 stones
 g - 15 poisoned darts
Armour
 l - a +0 helmet (worn)
 n - a +1 robe of willpower (worn)
 q - a +2 hat
Scrolls
 a - a scroll of vulnerability {unknown}
 e - a scroll of summoning {unknown}
 f - 3 scrolls of blinking
 h - 2 scrolls of teleportation {unknown}
 j - a scroll of immolation {unknown}
Potions
 b - a potion of magic
 d - 4 potions of heal wounds {unknown}
 i - 3 potions of curing {unknown}
 m - a potion of mutation {unknown}
 o - a potion of flight {unknown}
 p - a potion of degeneration {unknown}


   Skills:
 - Level 2.6 Dodging
 - Level 3.0 Stealth
 - Level 2.0 Spellcasting
 + Level 1.0 Hexes
 + Level 6.9 Summonings


You had 3 spell levels left.
You knew the following spells:

 Your Spells              Type           Power      Damage    Failure   Level
a - Summon Small Mammal   Summ           92%        N/A       1%          1
b - Call Imp              Summ           23%        N/A       1%          2
c - Call Canine Familiar  Summ           23%        N/A       3%          3

Your spell library contained the following spells:

 Spells                   Type           Power      Damage    Failure   Level
 Summon Guardian Golem    Hex/Summ       14%        N/A       12%         3
 Summon Lightning Spire   Summ/Air       12%        N/A       45%         4


Dungeon Overview and Level Annotations

Branches:
Dungeon (4/15)
 Temple: D:4-7

Altars:
Qazlal

Shops:
D:2 [


Innate Abilities, Weirdness & Mutations

((You are very nimble when in or above water. (Stealth+, EV+, Speed+++)))
Your lower body shifts to a powerful aquatic tail in water.


Message History

Your hound barely misses the orc priest.
Your bat closely misses something.
Something hits your hound.
The orc priest hits your hound with a +0 mace.
Your hound misses the orc priest. Your bat hits the orc priest.
Your bat barely misses something.
Something hits your hound.
Your hound dies!
Your hound's corpse disappears in a puff of smoke!
The orc priest calls down the wrath of Beogh upon you.
Beogh smites you!
Your crimson imp blinks!
A magic dart appears from out of thin air!
The magic dart hits you!
* * * LOW HITPOINT WARNING * * *
You see here a +0 club.
Your crimson imp disappears in a puff of smoke!
The orc priest completely misses you.
You swap places.
Your bat misses something.
You hear some strange, mumbled words.
A puff of flame appears from out of thin air!
The puff of flame hits your bat!
Your bat dies!
Your bat's corpse disappears in a puff of smoke!
The orc priest looks braver for a moment.
You swap places.
Your bat hits something.
Your hound bites something.
Your bat barely misses something.
Your bat completely misses something.
Your bat closely misses something.
A magic dart appears from out of thin air!
The magic dart hits your bat!
Your bat dies!
Your bat's corpse disappears in a puff of smoke!
Your hound bites something.
Your hound barely misses something. x2
Things that are here:
a +0 short sword; an orc corpse A puff of flame appears from out of thin air!
The puff of flame hits you!
* * * LOW HITPOINT WARNING * * *
The orc priest calls down the wrath of Beogh upon you.
Beogh smites you!
You die...

#.#.#.# #......#
#.#.#.#####.#.#..# ##.
#.#.#.##.........# ...
#.#.#.#..##.#.#..# ..
#.#.#.#..##.....## #.#
#.#.#.##.....#### ..#
#.#.#.##........#####..##
#.#.#.##................####
#.#.#.##.....###@...........
..#.# ##.....# #####{o#####
..#.#........# ##.)#
..#.#.#......######...#####
#...............).o.h.......
##................###.......
##........ ....### ..###..
#......... ... .## .
#......... . .#


You could see an orc priest.

Vanquished Creatures
  Jessica (D:3)
  Natasha (D:3)
  3 ball pythons
  4 endoplasms
  3 goblins
  2 hobgoblins (D:1)
  A quokka (D:2)
  2 bats
  A kobold (D:3)
18 creatures vanquished.

Vanquished Creatures (collateral kills)
  An orc wizard (D:4)
  Robin (D:2)
  4 gnolls (D:2)
  5 adders
  4 dart slugs
  4 orcs (D:4)
  5 ball pythons
  3 bats
  4 endoplasms
  A giant cockroach (D:3)
  10 hobgoblins
  A quokka (D:1)
  4 frilled lizards (D:2)
  10 goblins
  6 kobolds
  2 rats (D:1)
65 creatures vanquished.

Vanquished Creatures (others)
  3 plants (D:2)
3 creatures vanquished.

Grand Total: 86 creatures vanquished

Notes
Turn   | Place    | Note
-------+----------+-------------------------------------------
     0 | D:1      | themarg the Merfolk Summoner began the quest for the Orb.
     0 | D:1      | Reached XP level 1. HP: 13/13 MP: 3/3
   342 | D:1      | Reached XP level 2. HP: 18/19 MP: 0/5
   345 | D:1      | Learned a level 2 spell: Call Imp
   744 | D:1      | Reached XP level 3. HP: 24/24 MP: 3/6
  1441 | D:2      | Learned a level 3 spell: Call Canine Familiar
  1459 | D:2      | Noticed Robin
  1561 | D:2      | Reached skill level 5 in Summonings
  1696 | D:2      | Found Fiureucu's Antique Armour Shoppe.
  1709 | D:2      | Killed Robin
  1710 | D:2      | Reached XP level 4. HP: 19/30 MP: 2/7
  2067 | D:2      | Found a stormy altar of Qazlal.
  2957 | D:2      | Found Fiureucu's Antique Armour Shoppe.
  2969 | D:2      | Reached XP level 5. HP: 35/35 MP: 1/8
  3166 | D:2      | Found a stormy altar of Qazlal.
  3463 | D:3      | Noticed Jessica
  3642 | D:3      | Noticed Natasha
  3654 | D:3      | Killed Natasha
  3655 | D:3      | Reached skill level 6 in Summonings
  4496 | D:3      | Killed Jessica
  4497 | D:3      | Reached XP level 6. HP: 41/41 MP: 5/9
  4850 | D:4      | Reached skill level 1 in Hexes
  4867 | D:4      | Killed from afar by an orc priest

Illustrated notes

Levels and vault maps discovered:
D:1:      lightli_arrival_boilingwater, layout_loops_corners,
          kennysheep_doodads, roderic_lattice_a, minmay_indecisive_spiral
D:2:      layout_loops_ring, serial_shops, nicolae_shop_overgrown_old_shop,
          basic_altar, uniq_robin
D:3:      layout_loops_ring, minmay_stone_trees_medium, grunt_ministairs_15,
          uniq_natasha, uniq_jessica
D:4:      layout_layer_cave, palyth_temple_overflow_mages,
          mainiacjoe_overflow_catwalk, minmay_temple_entry_grid,
          serial_co_window_serial, co_window_paths_b, co_window_paths_b,
          co_window_corner_a, co_window_cross_1, co_window_paths_a,
          co_window_paths_c, co_window_broadway_c, co_window_of_opportunity_b,
          co_window_unsneaky_path_b, co_window_corner_b,
          co_window_of_opportunity_b, co_window_corner_b, glass_columns_a,
          glass_columns_b, glass_columns_a

Skill      XL: |  1  2  3  4  5  6 |
---------------+-------------------+-----
Stealth        | 3 |  3.0
Summonings     | 5 6 |  6.9
Hexes          | 1 |  1.0
Dodging        | |  2.6
Spellcasting   | |  2.0

Action                     |  1- 3 |  4- 6 || total
---------------------------+-------+-------++-------
  Melee: Unarmed           |     3 |       ||     3
         Dagger            |    28 |       ||    28
         Short sword       |     9 |    52 ||    61
   Cast: Summon Small Mamm |    41 |     9 ||    50
         Call Imp          |     5 |     8 ||    13
         Call Canine Famil |     4 |    31 ||    35
    Use: Scroll            |     1 |       ||     1
   Stab: Distracted        |     1 |       ||     1
         Sleeping          |       |     1 ||     1
 Armour: Robe              |     4 |     7 ||    11
  Dodge: Dodged            |    27 |    38 ||    65

Table legend: (Time is in decaauts)
 A = Elapsed time spent in this place.
 B = Non-inter-level travel time spent in this place.
 C = Inter-level travel time spent in this place.
 D = Time resting spent in this place.
 E = Time spent auto-exploring this place.
 F = Levels seen in this place.
 G = Mean time per level.
                   A        B        C        D        E       F      G
               +--------+--------+--------+--------+--------+-----+--------+
         Total |   4865 |   4742 |    123 |    261 |   3643 |   4 | 1216.2 |
       Dungeon |   4865 |   4742 |    123 |    261 |   3643 |   4 | 1216.2 |
               +--------+--------+--------+--------+--------+-----+--------+

Top non-repeatable levels by time:
     D:2: 1945 daAuts
     D:1: 1526 daAuts
     D:3: 1135 daAuts
     D:4: 258 daAuts
